AoeStats
← [CL] Al3jandr0.magn00

African Clearing

504393964Analyzed
4v4 RM · 26d ago on Sep 5, 2026· 41m 47s· 8 players
Game mode
Random Map
Map size
Large (8 player)
Population
200
Speed
Normal
Resources
Standard
Victory
Conquest
Starting age
Dark Age
Ending age
Imperial Age
RankedLock teamsTeams togetherTeam positionsShared explorationLock speedFull tech treeHidden civsTurbo modeCheats
Victory
Defeat
🇦🇷 Sicilians · Argentina
1707
+6
🇦🇷 Inca · Argentina
1473
+13
🇦🇷 Portuguese · Argentina
1470
+13
🇦🇷 Bulgarians · Argentina
1404
+16
🇧🇷 Burgundians · Brazil
1513
-16
🇦🇷 Teutons · Argentina
1433
-12
🇨🇳 Japanese · China
1394
-11
🇯🇵 Burmese · Japan
1339
-9
ReBeL_persi
7:00 Loom
14:24 Feudal Age
17:05 Gold Mining
20:37 Castle Age
19:11 Scale Barding Armor
20:23 Forging
21:00 Double-Bit Axe
21:13 Horse Collar
24:39 Town Watch
30:11 Bow Saw
32:38 Imperial Age
33:51 Chain Barding Armor
33:46 Bloodlines
32:58 Cavalier
37:33 Plate Barding Armor
40:28 Fletching
peace for the world
5:06 Loom
14:31 Feudal Age
18:22 Castle Age
16:32 Fishing Lines
19:58 Horse Collar
20:43 Heavy Plow
23:25 Gillnets
25:19 Fletching
27:19 Wheelbarrow
26:35 Town Watch
27:15 Bodkin Arrow
29:56 Hand Cart
2067
10:48 Loom
13:00 Feudal Age
13:43 Double-Bit Axe
14:01 Horse Collar
13:47 Man-at-Arms
16:20 Town Watch
16:54 Arson
20:55 Fletching
29:20 Wheelbarrow
逆·风
6:09 Loom
8:44 Double-Bit Axe
8:56 Horse Collar
14:46 Feudal Age
16:35 Town Watch
17:02 Bow Saw
17:03 Gold Mining
20:20 Castle Age
18:25 Heavy Plow
19:26 Gold Shaft Mining
20:09 Scale Barding Armor
20:26 Cavalier
24:10 Husbandry
26:30 Wheelbarrow
29:52 Two-Man Saw
29:46 Forging
31:23 Chain Barding Armor
__24_Thorfin_Arg
5:44 Loom
13:37 Feudal Age
17:58 Castle Age
16:05 Double-Bit Axe
16:46 Horse Collar
20:02 Bow Saw
20:09 Town Watch
21:28 Wheelbarrow
23:51 Fletching
24:45 Bodkin Arrow
27:23 Pikeman
32:15 Forging
35:10 Heavy Plow
35:49 Hand Cart
36:38 Scale Mail Armor
38:19 Chain Mail Armor
38:38 Squires
40:23 Iron Casting
40:31 Gambesons
40:32 Arson
41:06 Gold Mining
41:08 Stone Mining
44:34 Imperial Age
[CL] Al3jandr0.magn00
4:47 Loom
12:31 Feudal Age
13:28 Double-Bit Axe
21:29 Bloodlines
24:05 Fishing Lines
26:43 Castle Age
25:09 Scale Barding Armor
24:58 Horse Collar
25:08 Gold Mining
26:31 Wheelbarrow
25:54 Town Watch
26:45 Wheelbarrow
26:15 Gold Mining
27:51 Chain Barding Armor
29:55 Husbandry
200_Darth Vader_Arg
11:16 Loom
13:25 Feudal Age
17:39 Castle Age
15:51 Double-Bit Axe
18:49 Bow Saw
34:49 Imperial Age
32:38 Gold Mining
36:04 Fletching
__87_KeepeR_Arg
9:00 Loom
11:08 Feudal Age
20:58 Fletching
25:04 Castle Age
24:00 Double-Bit Axe
24:08 Gold Mining
24:01 Horse Collar
25:40 Wheelbarrow
25:10 Crossbowman
25:48 Bodkin Arrow
26:00 Padded Archer Armor
27:44 Bow Saw
27:21 Town Watch
33:07 Heavy Plow
34:36 Hand Cart
36:32 Thumb Ring
40:34 Imperial Age
39:06 Ballistics
40:06 Leather Archer Armor
39:52 Scale Mail Armor
40:03 Forging
39:55 Stone Mining
40:42 Gold Shaft Mining
41:51 Conscription
Connection lost

Rejoining the realm…

Still unreachable

The connection could not be restored.

Session expired

The server has moved on; the page needs a fresh start.